 Dungeon Crawl Stone Soup version 0.28-a0-194-g42b4daccc1 (webtiles) character file.

Game seed: 13524286733870947529

19796 Conn the Arsonist (level 12, -3/103 HPs)
             Began as an Octopode Fire Elementalist on Aug 18, 2021.
             Was a Believer of Sif Muna.
             Slain by an orc warrior (21 damage)
             ... led by an orc knight
             ... on level 1 of the Orcish Mines.
             The game lasted 01:31:34 (16506 turns).

Conn the Arsonist (Octopode Fire Elementalist)     Turns: 16506, Time: 01:31:34

Health: -3/103     AC: 26    Str:  8    XL:     12   Next: 72%
Magic:  5/23       EV:  2    Int: 27    God:    Sif Muna [**....]
Gold:   298        SH:  9    Dex: 19    Spells: 5/26 levels left

rFire   . . .      SeeInvis +   N - +4 dagger (elec)
rCold   . . .      Faith    .   M - +3 buckler {reflect}
rNeg    + + +      Spirit   .   (helmet currently unavailable)
rPois   +          Reflect  +   (no amulet)
rElec   .          Harm     .   h - +4 ring of evasion
rCorr   .          Rampage  .   c - ring of flight
Will    .....      NoTele   +   m - ring of poison resistance
Stlth   +++.......              v - +6 ring of intelligence
HPRegen 0.27/turn               A - +6 ring of dexterity
MPRegen 0.18/turn               a - ring of see invisible
                                (no ring)
                                (no ring)

@: tree-form, very slightly contaminated, hasted, invisible, very quick
A: stationary, stasis, torment immunity, boosted hp, almost no armour,
(amphibious), 8 rings, (camouflage 1), (gelatinous body 1), (nimble swimmer 1),
(tentacles)
a: Renounce Religion, Channel Magic


You were on level 1 of the Orcish Mines.
You worshipped Sif Muna.
Sif Muna was pleased with you.
You were a tree.
You visited 3 branches of the dungeon, and saw 14 of its levels.
You also visited: Ossuary.

You collected 705 gold pieces.
You spent 407 gold pieces at shops.

Inventory:

Hand Weapons
 e - a +1 dagger
 t - a +5 hunting sling of freezing
 N - a +4 dagger of electrocution (weapon)
Missiles
 b - 54 poisoned darts
 H - 5 throwing nets
 I - 49 sling bullets
Armour
 g - a +3 buckler of protection
 M - a +3 buckler of reflection (worn)
Magical Staves
 z - a staff of poison
Jewellery
 a - a ring of see invisible (on tentacle)
 c - a ring of flight (right branch)
 h - a +4 ring of evasion (left branch)
 m - a ring of poison resistance (on tentacle)
 v - a +6 ring of intelligence (on tentacle)
 A - a +6 ring of dexterity (on tentacle)
Wands
 B - a wand of paralysis (14)
 G - a wand of iceblast (7)
 K - a wand of digging (6)
Scrolls
 o - 4 scrolls of fog
 r - 2 scrolls of enchant armour
 s - a scroll of immolation
 u - 2 scrolls of magic mapping
 x - 7 scrolls of teleportation
 y - a scroll of holy word
 C - 2 scrolls of amnesia
Potions
 d - 2 potions of haste
 f - 3 potions of brilliance
 i - 3 potions of curing
 q - a potion of might
 D - 2 potions of attraction
 J - a potion of magic
 O - a potion of berserk rage {unknown}


   Skills:
 + Level 1.6 Fighting
 + Level 2.6 Short Blades
 + Level 4.9 Dodging
 + Level 6.0 Stealth
 + Level 5.3 Shields
 + Level 7.9 Spellcasting
 * Level 9.8 Conjurations
 + Level 4.0 Hexes
 * Level 3.1 Summonings
 + Level 5.8 Translocations
 * Level 10.8 Fire Magic
 * Level 4.5 Invocations
 + Level 0.6 Evocations


You had 5 spell levels left.
You knew the following spells:

 Your Spells              Type           Power      Damage    Failure   Level
a - Foxfire               Conj/Fire      100%       2x1d9     1%          1
b - Conjure Flame         Conj/Fire      61%        6-21      1%          3
c - Inner Flame           Hex/Fire       50%        N/A       1%          3
d - Sticky Flame          Conj/Fire      61%        2d8       1%          4
e - Fireball              Conj/Fire      30%        3d13      2%          5
f - Blink                 Tloc           N/A        N/A       1%          2
g - Summon Guardian Gole  Hex/Summ       30%        N/A       3%          3

Your spell library contained the following spells:

 Spells                   Type           Power      Damage    Failure   Level
 Summon Small Mammal      Summ           100%       N/A       1%          1
 Lesser Beckoning         Tloc           21%        N/A       1%          3
 Teleport Other           Tloc           42%        N/A       1%          3
 Tukima's Dance           Hex            32%        N/A       3%          3
 Call Canine Familiar     Summ           27%        N/A       4%          3
 Beastly Appendage        Tmut           20%        N/A       5%          1
 Wereblood                Tmut           10%        N/A       9%          2
 Manifold Assault         Tloc           42%        N/A       13%         5
 Spider Form              Tmut/Pois      5%         N/A       16%         3
 Invisibility             Hex            16%        N/A       83%         6


Dungeon Overview and Level Annotations

Branches:
Dungeon (11/15)            Temple (1/1) D:7            Lair (0/6) D:11
    Orc (2/2) D:11            Elf (0/3) Orc:2       Ossuary (visited)

Altars:
Ashenzari
Cheibriados
Dithmenos
Elyvilon
Gozag
Hepliaklqana
Makhleb
Nemelex Xobeh
Okawaru
Qazlal
Ru
Sif Muna
Trog
Uskayaw
Vehumet
Wu Jian
Xom
Yredelemnul
Zin
The Shining One

Shops:
D:3 !:   D:4 [   D:7 =   D:9 *   Orc:2 *!!

Annotations:
D:11 1 runed translucent door


Innate Abilities, Weirdness & Mutations

You are a tree.
Your roots penetrate the ground, keeping you stationary.
You cannot be teleported.
You are immune to unholy pain and torment.
Your maximum health is greatly increased.
You cannot wear most types of armour.
((You are amphibious.))
You can wear up to eight rings at the same time.
((Your skin changes colour to match your surroundings (Stealth+).))
((Your rubbery body absorbs attacks. (AC +1, EV +1)))
((You are camouflaged near water. (Stealth+)))
((You have tentacles for arms and can constrict up to eight enemies at once.))


Message History

Confirm with . or Enter, or press ? or * to list all spells.
Aiming: Sticky Flame (mildly dangerous; 1% risk of failure)
Press: ? - help, Shift-Dir - straight line, f - orc warrior
Aim: an orc warrior, wielding a +0 dire flail and wearing a +0 chain mail (strong, 100% to hit)
The sticky flame hits the orc warrior!
The orc warrior is heavily wounded.
The orc warrior is covered in liquid flames!
The orc warrior burns!
The orc hits you but does no damage.
The orc warrior hits you but does no damage.
The orc wizard gestures at you while chanting.
The magic dart hits the orc warrior.
An orc priest comes into view. It is wielding a +0 club.
An ogre comes into view. It is wielding a +0 giant club.
The orc warrior shouts!
Okay, then.
Casting: Sticky Flame (mildly dangerous; 1% risk of failure)
Confirm with . or Enter, or press ? or * to list all spells.
Aiming: Sticky Flame (mildly dangerous; 1% risk of failure)
Press: ? - help, Shift-Dir - straight line, f - orc warrior, p - orc warrior
Aim: an orc warrior, wielding a +0 mace and wearing a +0 plate armour (strong, 100% to hit)
The sticky flame hits the orc warrior!
The orc warrior is moderately wounded.
The orc warrior is covered in liquid flames!
The orc warrior burns! x2; You block the orc priest's attack.
The orc hits you but does no damage.
An orc comes into view. It is wielding a +0 flail.
The orc warrior barely misses you.
The orc knight hits you with a +0 long sword.
* * * LOW HITPOINT WARNING * * *
You feel better.
Casting: Sticky Flame (mildly dangerous; 1% risk of failure)
Confirm with . or Enter, or press ? or * to list all spells.
Aiming: Sticky Flame (mildly dangerous; 1% risk of failure)
Press: ? - help, Shift-Dir - straight line, f - orc knight, p - orc warrior
Aim: an orc knight, wielding a +0 long sword and wearing a +0 chain mail (100% to hit)
The sticky flame hits the orc knight but does no damage.
The orc knight is covered in liquid flames!
The orc knight burns!
The orc warrior burns! x2; You block the orc's attack.
The orc warrior hits you with a +0 dire flail!!
You die...

.........
........# ##
##..#.....
###.###.........
#...$...........
......o.........
......ooo.......
#.♣ooo#
#..o.......
##.........
#......O..
..........
#.....#.#..
...#.###... ##
....#....#. ..
##.##.. ...


You could see an orc knight (burning), 2 orc warriors, an ogre (wandering), an
orc priest (strong), an orc wizard (strong) and 3 orcs.

Vanquished Creatures
  2 boulder beetles
  3 two-headed ogres (Orc:2)
  Harold (D:9)
  2 ogre magi (Orc:2)
  A cyclops (D:9)
  Joseph (D:9)
  Maurice (D:9)
  A gargoyle (D:11)
  An unseen horror (D:11)
  5 trolls
  Sigmund (D:6)
  16 yaks
  Eustachio (D:4)
  A wyvern (D:8)
  Grum (D:11)
  A warg (D:11)
  2 water moccasins (D:9)
  3 black bears
  11 orc warriors
  An ice beast (D:7)
  A necrophage (D:5)
  A sky beast (D:5)
  8 ogres
  3 wolves (D:11)
  5 centaurs
  4 elf zombies (Ossuary)
  A phantom (D:6)
  A kobold brigand (D:10)
  A wyvern zombie (D:8)
  2 bullfrogs
  4 gnoll sergeants
  2 scorpions (D:4)
  9 killer bees
  7 wights (D:8)
  3 electric eels (D:7)
  6 howler monkeys
  7 centaur zombies
  3 hounds
  4 human zombies (Ossuary)
  5 orc priests
  3 jellies
  A gnoll shaman (D:7)
  A bullfrog skeleton (D:5)
  2 centaur skeletons (D:7)
  5 iguanas
  11 orc wizards
  3 mummies (Ossuary)
  A howler monkey zombie (D:9)
  A howler monkey skeleton (D:5)
  21 gnolls
  5 adders
  A shadow imp (D:8)
  2 white imps
  An ufetubus (D:6)
  3 worms
  2 dart slugs
  33 orcs
  11 endoplasms
  5 giant cockroaches
  8 goblins
  6 hobgoblins
  12 kobolds
  5 quokkas
  10 ball pythons
  3 bats
  3 frilled lizards
  A rat (D:2)
293 creatures vanquished.

Vanquished Creatures (collateral kills)
  A deep troll (Orc:2)
  A cyclops (Orc:2)
  An orc warrior (Orc:2)
  2 ogres (Orc:2)
  An orc priest (Orc:2)
  An orc wizard (Orc:2)
7 creatures vanquished.

Vanquished Creatures (others)
  An orc knight (Orc:2)
  An orc wizard (Orc:2)
  785 foxfires
  4 fungi (D:7)
791 creatures vanquished.

Grand Total: 1091 creatures vanquished

Notes
Turn   | Place    | Note
-------+----------+-------------------------------------------
     0 | D:1      | Conn the Octopode Fire Elementalist began the quest for the
                  | Orb.
     0 | D:1      | Reached XP level 1. HP: 11/11 MP: 3/3
   194 | D:1      | Reached XP level 2. HP: 15/17 MP: 0/5
   666 | D:1      | Reached XP level 3. HP: 21/21 MP: 2/6
   803 | D:1      | Learned a level 3 spell: Conjure Flame
   808 | D:1      | Found a faded altar of an unknown god.
  1088 | D:2      | Found a hazy altar of Hepliaklqana.
  1099 | D:2      | Reached skill level 1 in Shields
  1137 | D:2      | You fall into a shaft and drop 2 floors!
  1137 | D:4      | Found a stormy altar of Qazlal.
  1138 | D:4      | Noticed an air elemental
  1138 | D:4      | Noticed a fire elemental
  1138 | D:4      | Noticed a water elemental
  1138 | D:4      | Noticed an earth elemental
  1162 | D:4      | Found a hide-covered altar of Uskayaw.
  1183 | D:4      | Noticed a scorpion
  1423 | D:3      | Found Laup's Book Shoppe.
  1615 | D:2      | Reached XP level 4. HP: 27/27 MP: 7/7
  1990 | D:2      | Learned a level 2 spell: Blink
  2260 | D:3      | Found Estijia's Distillery.
  2270 | D:3      | Bought a potion of heal wounds for 65 gold pieces
  2270 | D:3      | Bought a potion of curing for 39 gold pieces
  2270 | D:3      | Bought a potion of lignification for 39 gold pieces
  2270 | D:3      | Bought a potion of curing for 39 gold pieces
  2597 | D:3      | Reached XP level 5. HP: 31/31 MP: 4/8
  3377 | D:4      | Noticed a necrophage
  3416 | D:5      | Entered Level 5 of the Dungeon
  3418 | D:5      | Killed a necrophage
  3419 | D:5      | Reached skill level 4 in Fire Magic
  3419 | D:5      | Reached XP level 6. HP: 22/36 MP: 4/10
  3534 | D:5      | Learned a level 3 spell: Inner Flame
  3599 | D:5      | Noticed a sky beast
  3611 | D:5      | Killed a sky beast
  3774 | D:4      | Noticed Eustachio
  4057 | D:4      | Reached XP level 7. HP: 41/41 MP: 11/11
  4187 | D:4      | Found a sparkling altar of Nemelex Xobeh.
  4225 | D:4      | Found a shadowy altar of Dithmenos.
  4569 | D:4      | Found Mowoesis's Antique Armour Boutique.
  5036 | D:5      | Found a burning altar of Makhleb.
  5041 | D:5      | Reached skill level 1 in Short Blades
  5065 | D:5      | Reached skill level 5 in Fire Magic
  5230 | D:5      | Reached XP level 8. HP: 24/47 MP: 9/12
  5629 | D:5      | Reached skill level 1 in Translocations
  5744 | D:5      | Learned a level 4 spell: Sticky Flame
  5934 | D:6      | Reached skill level 5 in Stealth
  5942 | D:6      | Got the Disquisition on Beguiling
  6001 | D:6      | Noticed Sigmund
  6006 | D:6      | Killed Sigmund
  6111 | D:6      | Found a radiant altar of Vehumet.
  6352 | D:6      | Reached skill level 5 in Conjurations
  6666 | D:4      | Killed Eustachio
  6667 | D:4      | Reached skill level 6 in Fire Magic
  7019 | D:7      | Reached XP level 9. HP: 52/52 MP: 8/14
  7213 | D:7      | Found Iggyrre's Jewellery Shop.
  7445 | D:7      | Found a sand-covered staircase.
  7449 | Ossuary  | Entered an ossuary
  7763 | Ossuary  | Reached skill level 1 in Hexes
  8281 | D:7      | Bought a ring of see invisible for 225 gold pieces
  8343 | D:7      | Found a sacrificial altar of Ru.
  8369 | D:7      | Found a staircase to the Ecumenical Temple.
  8670 | D:8      | Reached skill level 1 in Fighting
  8821 | D:8      | Reached skill level 7 in Fire Magic
  9259 | D:8      | Reached XP level 10. HP: 58/58 MP: 2/16
  9674 | D:8      | Got the Disquisition on Translocation
  9804 | D:8      | Learned a level 5 spell: Fireball
  9912 | D:8      | Reached skill level 8 in Fire Magic
 10300 | D:8      | Reached skill level 5 in Spellcasting
 10300 | D:8      | Reached skill level 5 in Translocations
 10554 | D:8      | Noticed a torpor snail
 10555 | D:8      | Found a snail-covered altar of Cheibriados.
 10556 | D:8      | Noticed a torpor snail
 10556 | D:8      | Noticed a torpor snail
 10908 | Temple   | Entered the Ecumenical Temple
 11018 | Temple   | Became a worshipper of Sif Muna the Loreminder
 11151 | D:9      | Noticed Joseph
 11490 | D:9      | Noticed Maurice
 11495 | D:9      | Killed Maurice
 12224 | D:9      | Noticed Harold
 12237 | D:9      | Killed Harold
 12439 | D:9      | Reached skill level 5 in Shields
 12439 | D:9      | Reached skill level 9 in Fire Magic
 12439 | D:9      | Reached XP level 11. HP: 63/63 MP: 3/19
 12689 | D:9      | Found Jyho's Serpentskin Sales.
 12693 | D:9      | Noticed a cyclops
 12709 | D:9      | Killed a cyclops
 12831 | D:9      | Killed Joseph
 13039 | D:10     | Entered Level 10 of the Dungeon
 13186 | D:10     | Found an ornate altar of the Wu Jian Council.
 13485 | D:10     | Reached * piety under Sif Muna
 13486 | D:10     | Reached skill level 1 in Invocations
 13962 | D:10     | Reached skill level 10 in Fire Magic
 14064 | D:10     | Noticed a boulder beetle
 14071 | D:10     | Learned a level 3 spell: Summon Guardian Golem
 14100 | D:10     | Killed a boulder beetle
 14287 | D:10     | Found a broken altar of Ashenzari.
 14480 | D:10     | Found a basalt altar of Yredelemnul.
 14521 | D:11     | Found a runed translucent door.
 14521 | D:11     | Noticed a sixfirhy
 14569 | D:11     | Reached skill level 1 in Summonings
 14621 | D:11     | Noticed a boulder beetle
 14639 | D:11     | Killed a boulder beetle
 14818 | D:11     | Found a staircase to the Orcish Mines.
 14962 | D:11     | Noticed Grum
 14972 | D:11     | Reached ** piety under Sif Muna
 14975 | D:11     | Killed Grum
 15375 | D:11     | Found a staircase to the Lair.
 15733 | D:11     | Reached XP level 12. HP: 69/69 MP: 13/22
 15949 | Orc:1    | Entered Level 1 of the Orcish Mines
 16249 | Orc:1    | You are sucked into a shaft and drop 1 floor!
 16249 | Orc:2    | Entered Level 2 of the Orcish Mines
 16300 | Orc:2    | Noticed a two-headed ogre
 16343 | Orc:2    | Killed a two-headed ogre
 16356 | Orc:2    | Noticed a two-headed ogre
 16373 | Orc:2    | Noticed a two-headed ogre
 16377 | Orc:2    | Killed a two-headed ogre
 16380 | Orc:2    | Noticed a two-headed ogre
 16384 | Orc:2    | Noticed a two-headed ogre
 16387 | Orc:2    | Noticed an ogre mage
 16391 | Orc:2    | Noticed an ogre mage
 16392 | Orc:2    | Found Plog's Assorted Antiques.
 16392 | Orc:2    | Found Aniraxit's Distillery.
 16392 | Orc:2    | Noticed a two-headed ogre
 16392 | Orc:2    | Noticed a two-headed ogre
 16392 | Orc:2    | Noticed a two-headed ogre
 16394 | Orc:2    | Found Oschaf's Distillery.
 16430 | Orc:2    | Killed a two-headed ogre
 16439 | Orc:2    | Killed an ogre mage
 16487 | Orc:2    | Killed an ogre mage
 16499 | Orc:1    | Identified a scroll of acquirement
 16499 | Orc:1    | Acquired the ring of Tiafazur {Fire rN+ SInv}
 16506 | Orc:1    | Slain by an orc warrior

Illustrated notes

Levels and vault maps discovered:
D:1:      ncdulo_smallfort, layout_rooms,
          dreamdust_ecumenical_altar_angels_and_demons, minmay_misc_feat_tower,
          minivault_27, chequers_serial_rivers_room_b, minmay_tetromino_i2
D:2:      layout_loops_ring, basic_altar, minmay_misc_feat_more_columns,
          corexii_leaking_fountain, grunt_decor_cap, minmay_goblin_kobold_house
D:3:      layout_loops_corners, serial_shops, shop, shop, minmay_three_crescents
D:4:      layout_loops_cross, mainiacjoe_overflow_alcove_4,
          mainiacjoe_overflow_two_lobes, nicolae_qazlal_style_of_elements,
          serial_shops, nicolae_take_the_stairs, uniq_eustachio
D:5:      layout_basic, makhleb_heckhound_becter
D:6:      cheibrodos_iron_armory, layout_basic,
          mainiacjoe_overflow_cross_hatched, uniq_sigmund
D:7:      layout_rooms, mainiacjoe_overflow_alcove_2, temple_doors_e,
          enter_ossuary_5, minmay_shop_grid_forest, water_boxes_lemuel
D:8:      layout_layer_cave, cheibriados_altar_2, columned_hall_lemuel
D:9:      layout_roguey, guppyfry_shop_venom, uniq_harold, uniq_maurice,
          uniq_joseph
D:10:     layout_roguey, lemuel_zombie_altar_yredelemnul,
          nzn_wu_jian_contemplation, mainiacjoe_overflow_six_doors_small,
          nzn_sisyphean_effort
D:11:     cheibrodos_shockbox, layout_gridville, lair_entry_dummy, david_orc_3,
          uniq_grum
Temple:   minmay_temple_curvy_loop
Orc:1:    layout_caves
Orc:2:    st_orc_open, layout_caves

Skill      XL: |  1  2  3  4  5  6  7  8  9 10 11 12 |
---------------+-------------------------------------+-----
Stealth        | 3 4 5 6 |  6.0
Shields        | 1 2 4 5 |  5.3
Conjurations   | 2 3 4 5 6 7 9 |  9.8
Fire Magic     | 4 5 6 7 9 10 | 10.8
Spellcasting   | 3 4 5 6 7 |  7.9
Short Blades   | 1 2 |  2.6
Translocations | 2 4 5 |  5.8
Dodging        | 3 4 |  4.9
Hexes          | 1 2 3 4 |  4.0
Fighting       | 1 |  1.6
Invocations    | 3 4 |  4.5
Summonings     | 1 3 |  3.1
Evocations     | |  0.6

Action                   |  1- 3 |  4- 6 |  7- 9 | 10-12 || total
-------------------------+-------+-------+-------+-------++-------
Melee: Unarmed           |     2 |       |       |       ||     2
       Tentacles         |     7 |    12 |    39 |    34 ||    92
       Constrict         |     6 |    14 |    23 |    26 ||    69
       Dagger            |    32 |    57 |   148 |   135 ||   372
 Cast: Foxfire           |    43 |    68 |   170 |   191 ||   472
       Blink             |       |     2 |       |    13 ||    15
       Inner Flame       |       |     1 |     6 |    27 ||    34
       Conjure Flame     |       |       |    14 |    12 ||    26
       Sticky Flame      |       |       |    17 |    48 ||    65
       Fireball          |       |       |       |    30 ||    30
       Summon Guardian G |       |       |       |     8 ||     8
Invok: Channel Magic     |       |       |       |    10 ||    10
Evoke: Wand              |       |       |       |     6 ||     6
  Use: Scroll            |     2 |     1 |    14 |    16 ||    33
       Potion            |       |     1 |     2 |    15 ||    18
 Stab: Sleeping          |     8 |     4 |     7 |       ||    19
       Distracted        |     1 |       |       |       ||     1
       Paralysed         |       |       |       |     2 ||     2
Armor: Skin              |     1 |    13 |    22 |    33 ||    69
Dodge: Dodged            |    19 |    53 |    93 |   139 ||   304
Block: Buckler           |     1 |    16 |    33 |    78 ||   128
       Reflection        |       |       |       |     1 ||     1

Table legend: (Time is in decaauts)
 A = Elapsed time spent in this place.
 B = Non-inter-level travel time spent in this place.
 C = Inter-level travel time spent in this place.
 D = Time resting spent in this place.
 E = Time spent auto-exploring this place.
 F = Levels seen in this place.
 G = Mean time per level.
                   A        B        C        D        E       F      G
               +--------+--------+--------+--------+--------+-----+--------+
         Total |  16472 |  15879 |    593 |   3218 |   8470 |  15 | 1098.1 |
       Dungeon |  15206 |  14677 |    529 |   2790 |   8244 |  11 | 1382.4 |
        Temple |    172 |    110 |     62 |      0 |    101 |   1 |  172.0 |
  Orcish Mines |    364 |    364 |      0 |     48 |     27 |   2 |  182.0 |
       Ossuary |    729 |    729 |      0 |    380 |     98 |   1 |  729.0 |
               +--------+--------+--------+--------+--------+-----+--------+

Top non-repeatable levels by time:
     D:8: 2450 daAuts
    D:10: 1599 daAuts
     D:9: 1578 daAuts
     D:4: 1539 daAuts
    D:11: 1468 daAuts
     D:5: 1374 daAuts
     D:3: 1155 daAuts
     D:7: 1133 daAuts
     D:2: 1084 daAuts
     D:1: 944 daAuts
     D:6: 875 daAuts
 Ossuary: 729 daAuts
   Orc:2: 224 daAuts
  Temple: 172 daAuts
   Orc:1: 139 daAuts
